 Dungeon Crawl Stone Soup version 0.18.1-48-g4cf74bf (webtiles) character file.

30 Slippy the Sneak (level 3, -2/16 HPs)
             Began as a Spriggan Enchanter on July 21, 2016.
             Slain by a giant gecko (3 damage)
             ... on level 1 of the Dungeon.
             The game lasted 00:03:00 (811 turns).

Slippy the Sneak (Spriggan Enchanter)                Turns: 811, Time: 00:03:01

Health: -2/16      AC:  3    Str:  4    XL:     3   Next: 3%
Magic:  9/9        EV: 18    Int: 17    God:
Gold:   37         SH:  0    Dex: 16    Spells: 2 memorised, 6 levels left

rFire  . . .     SeeInvis +     a - +1 dagger
rCold  . . .     Gourm    .     b - +1 robe
rNeg   . . .     Faith    .     (shield restricted)
rPois  .         Spirit   .     (helmet restricted)
rElec  .         Dismiss  .     (no cloak)
rCorr  .         Reflect  .     (gloves unavailable)
SustAt .         Harm     .     (boots unavailable)
MR     .....                    (no amulet)
Stlth  +++.......               (no ring)
                                (no ring)

@: very quick, not resistant to hostile enchantments, fairly stealthy
A: unfitting armour, see invisible, herbivore 3, speed 3, slow metabolism 2
a: no special abilities


You were on level 1 of the Dungeon.
You were not hungry.

You visited 1 branch of the dungeon, and saw 1 of its levels.

You collected 37 gold pieces.

Inventory:

Hand Weapons
 a - a +1 dagger (weapon)
Armour
 b - a +1 robe (worn)
Scrolls
 f - 2 scrolls of identify {unknown}
 h - a scroll of enchant weapon {unknown}
 j - a scroll of noise {unknown}
Potions
 e - a potion of heal wounds {unknown}
 g - a potion of cancellation {unknown}
 k - a potion of curing {unknown}
 l - a potion of magic {unknown}
Books
 c - a book of Maledictions

   Spells                             Type                      Level
   a - Corona                         Hexes                        1
   b - Ensorcelled Hibernation        Hexes/Ice                    2
   c - Confuse                        Hexes                        3
   d - Tukima's Dance                 Hexes                        3
   e - Dazzling Spray                 Conjuration/Hexes            3
Comestibles
 d - 3 bread rations
 i - 3 fruits


   Skills:
 - Level 1.1 Short Blades
 - Level 3.0 Dodging
 + Level 5.2 Stealth
 * Level 3.7 Spellcasting
 + Level 3.8 Hexes


You had 6 spell levels left.
You knew the following spells:

 Your Spells              Type           Power        Failure   Level  Hunger
a - Corona                Hex            ###....      3%          1    None
b - Ensorcelled Hibernat  Hex/Ice        #.....       14%         2    ##.....


Dungeon Overview and Level Annotations

Branches:
Dungeon (1/15)

Altars:


Innate Abilities, Weirdness & Mutations

You are tiny and cannot use many weapons and most armour.
You have supernaturally acute eyesight.
You are a herbivore.
You cover ground extremely quickly.
You need consume almost no food.


Message History

You hit the giant gecko.
The giant gecko is moderately wounded.
The giant gecko bites you. The giant gecko misses you.
You closely miss the giant gecko.
The giant gecko is moderately wounded.
The giant gecko hisses menacingly.
The giant gecko closely misses you.
You hit the giant gecko.
The giant gecko is severely wounded.
The giant gecko bites you.
* * * LOW HITPOINT WARNING * * *
You closely miss the giant gecko.
The giant gecko is severely wounded.
The giant gecko barely misses you.
You closely miss the giant gecko.
The giant gecko is severely wounded.
The giant cockroach bites you.
* * * LOW HITPOINT WARNING * * *
The giant gecko bites you.
You die...

##### ### ##### #...
..#
###...#######.#####.#
#...#.........@lg†..#
#.#...#.#####s##.##.#
###.##.##.# #.......#
.......##)# #.##....#
###.#####.# #.####..#
# #.......# #.# #..#
# ######### #.. ...#
# ### ##.## # #.#


You could see a giant gecko, a giant cockroach and a hobgoblin.

Vanquished Creatures
  3 dart slugs (D:1)
  2 bats (D:1)
  A giant cockroach (D:1)
  3 goblins (D:1)
  6 hobgoblins (D:1)
  A giant newt (D:1)
  3 kobolds (D:1)
  3 rats (D:1)
22 creatures vanquished.

Notes
Turn   | Place    | Note
--------------------------------------------------------------
     0 | D:1      | Slippy the Spriggan Enchanter began the quest for the Orb.
     0 | D:1      | Reached XP level 1. HP: 9/9 MP: 5/5
   306 | D:1      | Reached XP level 2. HP: 13/13 MP: 7/7
   310 | D:1      | Learned a level 2 spell: Ensorcelled Hibernation
   618 | D:1      | Reached skill level 5 in Stealth
   769 | D:1      | Reached XP level 3. HP: 11/16 MP: 9/9
   811 | D:1      | Slain by a giant gecko

Skill      XL: |  1  2 |
---------------+-------+-----
Spellcasting   | 3 |  3.7
Stealth        | 5 |  5.2
Short Blades   | |  1.1
Dodging        | |  3.0
Hexes          | |  3.8

Action                   || total
-------------------------++-------
Melee: Dagger            ||    74
 Cast: Ensorcelled Hiber ||     3
 Stab: Sleeping          ||     9
Armor: Robe              ||     7
Dodge: Dodged            ||    44
